 Dungeon Crawl Stone Soup version 0.31.0-11-ge490571c62 (webtiles) character file.

Game seed: 12497873587645490989

32 Gadfly the Trooper (level 3, -2/29 HPs)
             Began as a Demonspawn Monk on Feb 1, 2024.
             Slain by Sigmund
             ... wielding a +1 scythe of protection
              (8 damage)
             ... on level 2 of the Dungeon.
             The game lasted 00:02:03 (1305 turns).

Gadfly the Trooper (Demonspawn Monk)                Turns: 1305, Time: 00:02:03

Health: -2/29      AC:  3    Str: 13    XL:     3   Next: 10%
Magic:  4/4        EV: 13    Int: 10    God:
Gold:   62         SH:  0    Dex: 15    Spells: 2/2 levels left

rFire   . .          .
                       - Unarmed
rCold   . . .        c - orb {light}
rNeg    . . .        a - +0 robe
rPois   .            (no helmet)
rElec   .            f - +0 cloak
rCorr   .            (no gloves)
SInv    .            (no boots)
Will    .....        (no amulet)
Stlth   +            (no ring)
HPRegen 0.24/turn    (no ring)
MPRegen 0.09/turn

%: no passive effects
@: confused, glowing
A: spiny 1, condensation shield
a: no special abilities


You were on level 2 of the Dungeon.
You visited 1 branch of the dungeon, and saw 2 of its levels.

You collected 62 gold pieces.

Inventory:

Armour
 a - a +0 robe (worn)
 c - an orb of light (worn)
 f - a +0 cloak (worn)
Scrolls
 g - 2 scrolls of identify
Potions
 b - 2 potions of ambrosia
 e - a potion of might
 h - a potion of curing {unknown}
 i - a potion of resistance {unknown}


   Skills:
 - Level 3.0 Fighting
 + Level 2.8 Dodging
 * Level 3.0 Unarmed Combat
 * Level 1.6 Invocations
 * Level 1.1 Evocations
 * Level 0.8 Shapeshifting


You had 2 spell levels left.
You didn't know any spells.
Your spell library contained the following spells:

 Spells                   Type           Power      Damage    Failure   Level
 Gell's Gravitas          Tloc           0%         N/A       75%         3
 Stone Arrow              Conj/Erth      0%         3d7       75%         3
 Teleport Other           Tloc           0%         N/A       75%         3
 Animate Armour           Summ/Erth      0%         N/A       98%         4
 Dispersal                Tloc           0%         N/A       100%        6
 Lehudib's Crystal Spear  Conj/Erth      0%         10d2      100%        8


Dungeon Overview and Level Annotations

Branches:
Dungeon (2/15)

Altars:

Annotations:
D:2 Sigmund


Innate Abilities, Weirdness & Mutations

You are partially covered in sharp spines.
A meltable shield of frost defends you. (SH +0)


Message History

Sigmund gestures at you while chanting. The magic dart hits you.
You barely miss Sigmund.
Sigmund is almost dead.
Sigmund casts a spell at you.
You are confused.
You hit Sigmund but do no damage.
Sigmund is almost dead.
Sigmund gestures at you while chanting. The magic dart hits you!
* * * LOW HITPOINT WARNING * * *
Sigmund gestures at you while chanting.
You are more confused.
Sigmund hits you but does no damage.
You are too confused!
You feel much better.
Sigmund hits you with a +1 scythe of protection.
You hit Sigmund but do no damage.
Sigmund is almost dead.
Sigmund points at you and mumbles some strange words.
The magic dart hits you.
You hit Sigmund but do no damage.
Sigmund is almost dead.
Sigmund completely misses you.
You closely miss Sigmund.
Sigmund is almost dead.
Sigmund gestures at you while chanting. The puff of flame hits you.
Your condensation shield dissipates!
Sigmund barely misses you. Sigmund gestures at you while chanting.
You are more confused.
Sigmund casts a spell at you. You resist with significant effort.
Sigmund gestures at you while chanting. The puff of flame hits you!
* * * LOW HITPOINT WARNING * * *
Sigmund hits you with a +1 scythe of protection!
You die...
Sigmund begins carving another notch in his scythe.

##..#############.###.
##..........)........
#†.##########.######
##.## #.# ##..##
###.## #....## #....#
#.....#####....#
#............#.#
.####..@.......>.#.#
#.......@.#####.###.#
#######.#.# #.....#
...#.### #.#.####
#####.... #.#....#
......#.#.#..#
#.....#.#.#..#
...........<.#
##.##.#.#.#..####


You could see Sigmund (invisible).

Vanquished Creatures
  2 dart slugs
  A ribbon worm (D:2)
  3 endoplasms
  3 giant cockroaches
  A goblin (D:2)
  A hobgoblin (D:1)
  4 jackals (D:1)
  A kobold (D:1)
  2 ball pythons (D:1)
  A bat (D:1)
  3 frilled lizards (D:1)
  2 rats (D:1)
24 creatures vanquished.

Notes
Turn   | Place    | Note
-------+----------+-------------------------------------------
     0 | D:1      | Gadfly the Demonspawn Monk began the quest for the Orb.
     0 | D:1      | Reached XP level 1. HP: 18/18 MP: 1/1
   307 | D:1      | Gained mutation: You are partially covered in sharp spines.
                  | [demonic ancestry]
   307 | D:1      | Reached XP level 2. HP: 24/24 MP: 2/2
   451 | D:1      | Reached skill level 1 in Invocations
   756 | D:1      | Reached skill level 1 in Evocations
  1087 | D:2      | Found a faded altar of an unknown god.
  1146 | D:2      | Gained mutation: A meltable shield of frost defends you.
                  | (SH +0) [demonic ancestry]
  1146 | D:2      | Reached XP level 3. HP: 13/29 MP: 4/4
  1257 | D:2      | Noticed Sigmund
  1291 | D:2      | HP: 1/29 [Sigmund/magic dart (9)]
  1305 | D:2      | Slain by Sigmund

Illustrated notes

Levels and vault maps discovered:
D:1:      reono_arrival_mine, layout_basic, minmay_fountain_box,
          bh_walls_and_bars
D:2:      layout_basic, ebering_ecumenical_altar_box, uniq_sigmund

Skill      XL: |  1  2 |
---------------+-------+-----
Invocations    | 1 |  1.6
Evocations     | 1 |  1.1
Unarmed Combat | 3 |  3.0
Fighting       | |  3.0
Dodging        | |  2.8
Shapeshifting  | |  0.8

Action                     || total
---------------------------++-------
  Melee: Unarmed           ||    94
    Use: Scroll            ||     2
         Potion            ||     3
 Armour: Robe              ||    29
  Dodge: Dodged            ||    58
